 Dungeon Crawl Stone Soup version 0.30.1-11-g7821555f0a (webtiles) character file.

Game seed: 3719537899486838465

802 Anandil the Trooper (level 7, 0/54 (56) HPs)
             Began as a Demonspawn Fighter on Nov 3, 2023.
             Slain by an ufetubus (1 damage)
             ... on level 4 of the Dungeon.
             The game lasted 00:06:28 (4016 turns).

Anandil the Trooper (Demonspawn Fighter)            Turns: 4016, Time: 00:06:29

HP:   0/54 (56)     AC: 13    Str: 16    XL:     7   Next: 59%
MP:   7/7           EV:  9    Int: 10    God:
Gold: 265           SH:  6    Dex: 20    Spells: 6/6 levels left

rFire   . . .        a - +0 long sword
rCold   . . .        c - +0 buckler
rNeg    . . .        b - +0 scale mail
rPois   .            t - +0 helmet
rElec   .            (no cloak)
rCorr   .            (no gloves)
SInv    .            n - +0 pair of boots
Will    .....        (no amulet) Stlth
                     f - +4 ring of protection
HPRegen 0.29/turn    p - +6 ring of dexterity
MPRegen 0.10/turn

%: no passive effects
@: lightly drained
A: claws 1, powered by death 1
a: no special abilities


You were on level 4 of the Dungeon.
You visited 1 branch of the dungeon, and saw 5 of its levels.

You collected 265 gold pieces.

Inventory:

Hand Weapons
 a - a +0 long sword (weapon)
Missiles
 l - 2 throwing nets (quivered)
 o - 4 poisoned darts
Armour
 b - a +0 scale mail (worn)
 c - a +0 buckler (worn)
 n - a +0 pair of boots (worn)
 t - a +0 helmet (worn)
Jewellery
 f - a +4 ring of protection (left claw)
 j - a ring of ice
 p - a +6 ring of dexterity (right claw)
 w - an amulet of the acrobat
Wands
 y - a wand of digging (6)
 A - a wand of polymorph (7)
Scrolls
 e - a scroll of amnesia {unknown}
 g - 5 scrolls of poison
 h - a scroll of teleportation {unknown}
 r - a scroll of summoning {unknown}
 s - a scroll of noise {unknown}
 u - a scroll of enchant weapon {unknown}
 v - 3 scrolls of identify {unknown}
 B - a scroll of vulnerability {unknown}
Potions
 d - a potion of might
 i - a potion of mutation {unknown}
 k - a potion of heal wounds {unknown}
 m - a potion of ambrosia {unknown}
 q - a potion of flight {unknown}
 x - a potion of magic {unknown}
 z - a potion of brilliance {unknown}
 C - a potion of curing


   Skills:
 + Level 5.4 Fighting
 + Level 4.4 Long Blades
 + Level 4.9 Armour
 - Level 4.0 Shields


You had 6 spell levels left.
You didn't know any spells.
Your spell library contained the following spells:

 Spells                   Type           Power      Damage    Failure   Level
 Summon Small Mammal      Summ           0%         N/A       86%         1
 Blink                    Tloc           0%         N/A       94%         2
 Lesser Beckoning         Tloc           0%         N/A       94%         2
 Momentum Strike          Conj/Tloc      0%         3d8       94%         2
 Gell's Gravitas          Tloc           0%         N/A       99%         3
 Teleport Other           Tloc           0%         N/A       99%         3
 Animate Armour           Summ/Erth      0%         N/A       100%        4
 Dispersal                Tloc           0%         N/A       100%        6
 Summon Cactus Giant      Summ           0%         N/A       100%        6
 Summon Hydra             Summ           0%         N/A       100%        7


Dungeon Overview and Level Annotations

Branches:
Dungeon (5/15)
 Temple: D:4-7

Altars:
Hepliaklqana

Annotations:
D:5 Sigmund


Innate Abilities, Weirdness & Mutations

You have sharp fingernails.
You regenerate a little health from kills.


Message History

The ufetubus barely misses you. The ufetubus closely misses you.
Unknown command.
You feel better. The ufetubus closely misses you. The ufetubus misses you.
The orc hits you with a +0 falchion. The orc wizard closely misses you.
You block the iguana's attack.
You hit the iguana but do no damage.
The iguana is heavily wounded.
The ufetubus closely misses you.
The ufetubus hits you but does no damage.
The orc hits you but does no damage. You block the orc wizard's attack.
The iguana bites you but does no damage.
The ufetubus closely misses you. The ufetubus barely misses you.
You hit the iguana.
The iguana is severely wounded.
The ufetubus hits you but does no damage.
The ufetubus closely misses you. You block the orc's attack.
The orc wizard hits you but does no damage.
The iguana bites you but does no damage.
The ufetubus hits you but does no damage. x2
The orc wizard hits you with a +0 dagger.
The iguana bites you!
* * * LOW HITPOINT WARNING * * *
The orc barely misses you.
You hit the iguana.
The iguana is almost dead.
The ufetubus hits you.
* * * LOW HITPOINT WARNING * * *
The ufetubus barely misses you. You block the ufetubus's attack. x2
The orc wizard casts a spell at you.
The magic dart hits you but does no damage.
The orc hits you with a +0 falchion.
* * * LOW HITPOINT WARNING * * *
The iguana closely misses you.
You slash the iguana!
You kill the iguana!
You block the ufetubus's attack. x2; The orc hits you with a +0 falchion.
* * * LOW HITPOINT WARNING * * *
The orc wizard hits you but does no damage.
The ufetubus closely misses you. The ufetubus hits you.
You die...

##.......##..#.##
#....#...##...##
#.#####.####'### #.#
#.##≈~≈~≈# ### #.#
#.##~≈~≈~# #.. #.#
#.##≈~≈~≈# #.. #.#
#.##≈≈~≈≈### #.. #.#
#=####'###.#####.. #.#
#@5......#........ #.###
#oo#####..........
#.#.###o.# #..######..
#.)......# #..# #..
#.#.###.######..# #..
#....##.##......#### ##.
#................†.# #.
###...##........##>.####.
#...........##..##†......


You could see an orc wizard, 2 orcs and an ufetubus.

Vanquished Creatures
  Duvessa (D:4)
  An ice beast (D:3)
  A black bear (D:4)
  A phantom (D:4)
  A bullfrog (D:4)
  Blork the orc (D:4)
  Dowan (D:4)
  A jelly (D:4)
  An iguana (D:4)
  A scorpion zombie (D:3)
  3 gnolls (D:4)
  10 adders
  A white imp (D:4)
  An adder zombie (D:3)
  A worm (D:2)
  3 dart slugs
  6 orcs (D:4)
  5 bats
  5 endoplasms
  5 goblins
  2 hobgoblins
  7 jackals
  3 kobolds (D:1)
  2 quokkas
  4 ball pythons
  A ball python skeleton (D:3)
  2 ball python zombies (D:3)
  2 frilled lizards
  A jackal skeleton (D:3)
  2 quokka zombies (D:3)
  5 rats
81 creatures vanquished.

Notes
Turn   | Place    | Note
-------+----------+-------------------------------------------
     0 | D:1      | Anandil the Demonspawn Fighter began the quest for the Orb.
     0 | D:1      | Reached XP level 1. HP: 18/18 MP: 1/1
     5 | D:1      | Got the Almanac of Invitation
    99 | D:1      | Gained mutation: You have sharp fingernails. [demonic
                  | ancestry]
    99 | D:1      | Reached XP level 2. HP: 22/24 MP: 2/2
   734 | D:2      | Reached XP level 3. HP: 9/29 MP: 3/3
   839 | D:2      | You fall into a shaft and drop 1 floor!
  1132 | D:2      | Found a hazy altar of Hepliaklqana.
  1277 | D:2      | Reached XP level 4. HP: 31/35 MP: 4/4
  1901 | D:3      | Noticed an ice beast
  1914 | D:3      | Killed an ice beast
  1915 | D:3      | Reached skill level 4 in Fighting
  1915 | D:3      | Reached XP level 5. HP: 42/42 MP: 5/5
  2631 | D:4      | Gained mutation: You regenerate a little health from kills.
                  | [demonic ancestry]
  2631 | D:4      | Reached XP level 6. HP: 28/48 MP: 6/6
  2877 | D:4      | Noticed Blork the orc
  2891 | D:4      | Killed Blork the orc
  2965 | D:4      | Noticed Dowan
  2967 | D:4      | Noticed Duvessa
  2982 | D:4      | Killed Duvessa
  2998 | D:4      | Killed Dowan
  3239 | D:4      | Reached skill level 5 in Fighting
  3239 | D:4      | Reached XP level 7. HP: 56/56 MP: 7/7
  3666 | D:5      | Entered Level 5 of the Dungeon
  3687 | D:5      | Noticed Sigmund
  4016 | D:4      | HP: 1/54 [orc/+0 falchion (3)]
  4016 | D:4      | Slain by an ufetubus

Illustrated notes

Levels and vault maps discovered:
D:1:      amcnicky_arrival_underground_garden, layout_basic
D:2:      layout_basic, basic_altar, kennysheep_generic_room_14
D:3:      layout_loops_ring, serial_undead, serial_undead_b, serial_undead_a,
          serial_undead_c, serial_undead_d, serial_undead_c, serial_undead_c,
          serial_undead_e, serial_undead_b, minmay_pentomino_pile
D:4:      layout_loops_ring, chequers_serial_rivers_room_b, uniq_blork_the_orc,
          uniq_duvessa
D:5:      layout_basic, uniq_sigmund

Skill      XL: |  1  2  3  4  5  6 |
---------------+-------------------+-----
Long Blades    | 2 3 4 |  4.4
Armour         | 3 4 |  4.9
Shields        | 3 4 |  4.0
Fighting       | 4 5 |  5.4

Action                     |  1- 3 |  4- 6 |  7- 9 || total
---------------------------+-------+-------+-------++-------
  Melee: Long sword        |   138 |   148 |    60 ||   346
    Use: Scroll            |       |     1 |       ||     1
         Potion            |       |     1 |     1 ||     2
   Stab: Distracted        |       |     1 |       ||     1
 Armour: Scale mail        |    83 |    98 |    80 ||   261
  Dodge: Dodged            |    77 |    69 |    59 ||   205
  Block: Buckler           |    25 |    42 |    27 ||    94
